 Dungeon Crawl Stone Soup version 0.22-a0-147-gfdd7f25 (webtiles) character file.

119613 mhoghedin the Spry (level 17, -22/111 HPs)
             Began as a Kobold Conjurer on Feb 6, 2018.
             Was the Champion of Ashenzari.
             Annihilated by an ettin
             ... wielding a +0 dire flail
              (48 damage)
             ... on level 2 of the Orcish Mines.
             The game lasted 01:44:16 (34072 turns).

mhoghedin the Spry (Kobold Conjurer)               Turns: 34072, Time: 01:44:16

Health: -22/111    AC: 12    Str: 11    XL:     17   Next: 35%
Magic:  6/30       EV: 36    Int: 33    God:    Ashenzari [******]
Gold:   771        SH: 11    Dex: 22    Spells: 5/34 levels left

rFire    + + +     SeeInvis +   a - +8 war axe of Nalol {speed, rC+} (curse)
rCold    + + +     Gourm    .   i - +3 buckler (curse)
rNeg     . . .     Faith    .   Y - +1 acid dragon scales of the Demon Prince {rF+ rC+ MR+ rCorr Dex+4} (curse)
rPois    .         Spirit   .   J - +0 helmet
rElec    .         Reflect  .   d - +2 cloak {+Inv} (curse)
rCorr    +         Harm     .   (no gloves)
MR       ++...     Clarity  +   Q - +0 pair of boots
Stlth    +++++.....             I - amulet "Repsof" {RegenMP *Corrode Fragile rF+++ Stlth+} (curse)
HPRegen  0.28/turn              S - ring "Soineim" {*Contam Str+5 Int+10 Dex+3 Stlth+} (curse)
MPRegen  0.47/turn              A - +5 ring of evasion (curse)

@: no status effects
A: small, carnivore, cold resistance 1, mutation resistance 1, sturdy frame 1
a: Curse Item, Scrying, Transfer Knowledge, Renounce Religion, Evoke
Invisibility


You were on level 2 of the Orcish Mines.
You worshipped Ashenzari.
Ashenzari was exalted by your worship.
You were hungry.

You visited 4 branches of the dungeon, and saw 24 of its levels.
You also visited: Bailey and Ice Cave.

You collected 2256 gold pieces.
You spent 1485 gold pieces at shops.

Inventory:

Hand Weapons
 a - the cursed +8 war axe of Nalol (weapon) {speed, rC+}
   (You found it on level 4 of the Dungeon)

   Attacks with this weapon are significantly faster.
   It protects you from cold.
   It has a curse placed upon it.
 b - a +3 dagger of venom
   (You took it off an orc wizard on level 8 of the Dungeon)
Missiles
 O - 5 throwing nets {=f, !d}
Armour
 d - a cursed +2 cloak of invisibility (worn)
   (You found it on level 1 of the Dungeon)
 i - a cursed +3 buckler (worn)
   (You found it on level 6 of the Lair of Beasts)
 J - a +0 helmet (worn)
   (You found it on level 7 of the Dungeon)
 Q - a +0 pair of boots (worn)
   (You found it on level 1 of the Lair of Beasts)
 Y - the cursed +1 acid dragon scales of the Demon Prince (worn) {rF+ rC+ MR+ rCorr Dex+4}
   (You bought it in a shop on level 2 of the Orcish Mines)

   It affects your dexterity (+4).
   It protects you from fire.
   It protects you from cold.
   It affects your resistance to hostile enchantments.
   It protects you from acid and corrosion.
   It has a curse placed upon it.
Jewellery
 A - a cursed +5 ring of evasion (right hand)
   (You found it on level 4 of the Dungeon)
 I - the cursed amulet "Repsof" (around neck) {RegenMP *Corrode Fragile rF+++ Stlth+}
   (You took it off a kobold on level 6 of the Dungeon)

   [amulet of magic regeneration]

   It increases your magic regeneration.
   It renders you almost immune to fire.
   It may corrode you when you take damage.
   It will be destroyed if unequipped.
   It makes you more stealthy.
   It has a curse placed upon it.
 S - the cursed ring "Soineim" (left hand) {*Contam Str+5 Int+10 Dex+3 Stlth+}
   (You took it off a naga on level 4 of the Lair of Beasts)

   [ring of strength]

   It affects your strength (+5).
   It affects your intelligence (+10).
   It affects your dexterity (+3).
   It causes magical contamination when unequipped.
   It makes you more stealthy.
   It has a curse placed upon it.
Wands
 f - a wand of digging (4)
   (You found it on level 3 of the Lair of Beasts)
 h - a wand of scattershot (5)
   (You found it on level 6 of the Lair of Beasts)
 r - a wand of flame (18)
   (You found it in an ice cave)
 y - a wand of polymorph (30)
   (You found it on level 11 of the Dungeon)
 B - a wand of random effects (51)
   (You found it on level 4 of the Dungeon)
 D - a wand of enslavement (19)
   (You found it on level 5 of the Dungeon)
 H - a wand of iceblast (3)
   (You found it on level 6 of the Dungeon)
 P - a wand of clouds (10)
   (You took it off Pikel on level 9 of the Dungeon)
 R - a wand of paralysis (24)
   (You found it on level 1 of the Lair of Beasts)
 Z - a wand of acid (5)
   (You found it on level 6 of the Lair of Beasts)
Scrolls
 l - 4 scrolls of fear
 n - 3 scrolls of teleportation
 q - 4 scrolls of blinking {!r}
 s - 6 scrolls of enchant weapon
 v - 6 scrolls of magic mapping {!r}
 w - 5 scrolls of immolation {!r}
 x - 2 scrolls of summoning
 z - 2 scrolls of remove curse
 F - 2 scrolls of amnesia
 G - 5 scrolls of enchant armour
 X - 10 scrolls of identify
Potions
 e - 5 potions of haste
 g - 5 potions of heal wounds
 j - 4 potions of mutation {!q}
 k - 8 potions of curing
 p - 2 potions of flight
 t - 2 potions of lignification {!q}
 u - 2 potions of berserk rage {!q}
 C - 3 potions of agility
 K - a potion of resistance
 T - 2 potions of brilliance
 W - 2 potions of cancellation {unknown}
Books
 o - a book of Conjurations
 E - a book of Power
   (You found it on level 12 of the Dungeon)
 L - a book of Minor Magic
   (You found it on level 4 of the Lair of Beasts)
 N - a book of Frost
   (You found it on level 8 of the Dungeon)
Miscellaneous
 m - a lightning rod (4/4)
   (You found it on level 3 of the Lair of Beasts)
 U - a lamp of fire (inert)
   (You found it in an ice cave)
 V - a phantom mirror
Comestibles
 c - 38 rations


   Skills:
 + Level 14.2 Fighting
 - Level 3.5 Short Blades
 - Level 8.5(12.9) Axes
 + Level 1.8 Armour
 + Level 17.2 Dodging
 - Level 5.5 Stealth
 - Level 3.6(6.3) Shields
 - Level 9.1 Spellcasting
 - Level 12.8(16.9) Conjurations
 - Level 5.7(10.2) Hexes
 - Level 3.4(7.4) Charms
 - Level 4.3(8.6) Summonings
 - Level 4.3(8.6) Ice Magic
 - Level 6.5(11.0) Evocations


You had 5 spell levels left.
You knew the following spells:

 Your Spells              Type           Power        Failure   Level  Hunger
a - Fulminant Prism       Conj/Hex       #######...   1%          4    None
c - Dazzling Spray        Conj/Hex       ######       1%          3    None
d - Summon Ice Beast      Ice/Summ       ######..     1%          4    None
e - Blink                 Tloc           N/A          4%          2    None
f - Orb of Destruction    Conj           #######...   2%          7    ######.
x - Iskenderun's Mystic   Conj           #######.     1%          4    None
z - Iskenderun's Battles  Conj/Chrm      #######.     1%          5    ###....


Dungeon Overview and Level Annotations

Branches:
Dungeon (15/15)            Temple (1/1) D:7            Lair (6/6) D:10
 Shoals (0/4) Lair:2        Snake (0/4) Lair:3        Slime (0/5) Lair:5
    Orc (2/2) D:12            Elf (0/3) Orc:2        Vaults (0/5) D:14
 Depths (0/5) D:15

Altars:
Ashenzari
Cheibriados
Dithmenos
Elyvilon
Fedhas
Gozag
Hepliaklqana
Kikubaaqudgha
Makhleb
Nemelex Xobeh
Okawaru
Qazlal
Ru
Sif Muna
Trog
Uskayaw
Vehumet
Wu Jian
Xom
Yredelemnul
Zin
The Shining One

Shops:
D:10 }   Orc:2 [(*

Annotations:
D:4 KristoblXynda's ghost, amateur DrGl
Lair:2 exclusion: 2 oklob plants


Innate Abilities, Weirdness & Mutations

You are small and have problems with some larger weapons.
You are carnivorous and can eat meat at any time.
Your flesh is cold resistant. (rC+)
You are somewhat resistant to further mutation.
Your movements are slightly less encumbered by armour. (ER -2)


Message History

You slash the cyclops! You completely miss the cyclops. The cyclops misses you.
You hit the cyclops. You hit the cyclops. You block the cyclops's attack.
You slash the cyclops!
You kill the cyclops!
You swap places.
You now have 771 gold pieces (gained 8).
You see here a large rock {!d}.
The orc knight is too close now for your liking.
You regained 3 mp, and now have 28/30 mp.
An orc knight is nearby!
You hit the fungus. You hit the fungus. You slash the fungus!
You destroy the fungus!
The orc knight unwields an uncursed long sword.
The orc knight wields an arbalest.
The orc knight shoots a bolt.
The bolt misses you.
Aim: an orc knight, wielding an arbalest and wearing a plate armour The orb of energy hits the orc knight.
The orc shouts!
Your battlesphere fires!
The barrage of energy hits the orc knight.
You now have 25/30 mp.
Aim: an orc knight, wielding an arbalest and wearing a plate armour (heavily wounded)
The orb of energy hits the orc knight.
Your battlesphere fires!
The barrage of energy hits the orc knight.
The orc knight roars a battlecry!
The orc goes into a battle-frenzy!
An ettin comes into view. It is wielding two dire flails.
You now have 22/30 mp.
Aim: an orc knight, wielding an arbalest and wearing a plate armour (severely wounded)
Okay, then.
Unknown command.
Aim: an ettin, wielding two dire flails
Okay, then.
The orc knight shoots a bolt.
You block the bolt.
You see here a bolt.
Aim: an ettin, wielding two dire flails You are feeling hungry.
The orc knight shoots a bolt.
The bolt hits you!
You take 16 damage, and have 95/111 hp.
You now have 16/30 mp.
Unknown command.
The orb of energy hits the orc knight.
The troll bites your battlesphere!! The troll claws your battlesphere!
Your battlesphere is destroyed!
You now have 12/30 mp.
You conjure a globe of magical energy.
The orb of destruction hits the fungus.
You blow up the fungus!
The orc knight shoots a bolt.
You block the bolt.
You now have 8/30 mp.
Aim: an orc knight, wielding an arbalest and wearing a plate armour (almost dead)
The orb of energy hits the orc knight.
You kill the orc knight!
Your battlesphere fires!
You now have 4/30 mp.
Aim: an orc (unusually strong)
The orb of energy hits the orc.
You kill the orc!
Your battlesphere fires!
The barrage of energy hits the troll.
You now have 1/30 mp.
The ettin hits your battlesphere with a dire flail!!!
Your battlesphere is destroyed!
You see here a large rock {!d}.
Things that are here:
a large rock {!d}; a +0 long sword; a +0 chain mail You see here 2 large rocks {!d}.
You don't know that spell.
Okay, then.
Unknown command.
A chill wind blows around you.
You now have 4/30 mp.
You slice the troll!!
Your ice beast barely misses the troll.
The troll bites you! The troll completely misses you. x2
You take 12 damage, and have 89/111 hp.
You slash the troll! The troll misses you. The troll completely misses you.
You block the troll's attack.
Your ice beast hits the troll but does no damage.
The ettin barely misses your ice beast. The ettin misses your ice beast.
You barely miss the troll. You slash the troll!
You kill the troll!
You slash the troll! You hit the ettin but do no damage.
You closely miss the troll. You hit the ettin but do no damage.
The troll closely misses you. You block the troll's attack.
The troll completely misses you.
Your ice beast hits the troll but does no damage.
The ettin hits you with a dire flail!! The ettin hits you with a dire flail!!!
* * * LOW HITPOINT WARNING * * *
You take 65 damage, and have 25/111 hp.
MASSIVE DAMAGE!!
Unknown command.
You blink.
You now have 5/30 mp.
Your ice beast hits the troll but does no damage.
The ettin hits you with a dire flail!!!
You die...

##### ### ....## #####.## ####
.....# ###.#....# ##...## #.)..#
##.#.#.#.## #.....## #.<..##
#...#..#.## ###......# ..(.).#
##......#..###.......#*
.)(..)####.........###........###
..........#........##...........#
..##[[.........#@...#.....#.#....
.#####..........#C.......#...#...
..###.......<...#T.......##.###..
...#..............Y........#.#...
..#..................[.....#.(...
.........###........((.((....(..P
........## ##........##........)(
##......# #.......#####.....#(..
#.....### ##......##.##(....#(..


You could see an ettin, a troll and a friendly ice beast.

Vanquished Creatures
  Agnes (D:14)
  A frost giant (IceCv)
  A stone giant (Orc:2)
  The ghost of Sinthome the Severer, a journeyman HOFi of Okawaru (Lair:6)
  2 entropy weavers (Lair:4)
  A dire elephant (Lair:5)
  2 ettins (Orc:2)
  A fire dragon (D:15)
  Josephine (Lair:4)
  Harold (Lair:1)
  4 hydras
  8 vault guards
  The ghost of anet the Changer, a journeyman HuWn of Ashenzari (D:8)
  An anaconda (Lair:6)
  8 centaur warriors
  An ogre mage (D:15)
  10 two-headed ogres
  A queen ant (Lair:4)
  A deep troll earth mage (D:15)
  11 death yaks
  Nergalle (Lair:4)
  5 skeletal warriors (D:15)
  Pikel (D:9)
  2 deep elf magi
  3 orc knights
  An oklob plant (Lair:2)
  8 ugly things
  An orc sorcerer (D:15)
  2 manticores
  13 cyclopes
  Maurice (D:8)
  Psyche (D:8)
  3 black mambas
  9 spiny frogs
  An ice statue (IceCv)
  A gargoyle (D:12)
  A spiny frog (shapeshifter) (D:15)
  8 elephants
  A yaktaur (D:15)
  6 komodo dragons
  An efreet (D:15)
  4 rime drakes
  2 tengu conjurers (D:15)
  6 meliai (D:14)
  A queen bee (D:14)
  19 polar bears (IceCv)
  A troll (Orc:2)
  A hornet (shapeshifter) (D:12)
  3 hornets
  4 blink frogs (Lair:3)
  Grinder (D:5)
  11 dream sheep
  4 hippogriffs
  4 slime creatures (D:12)
  A hippogriff (shapeshifter) (D:15)
  2 shadows
  A vampire (D:15)
  6 wraiths
  72 yaks
  The ghost of Sinthome the Skirmisher, an amateur HOFi (D:3)
  The ghost of Sinthome the Slasher, an amateur HOFi (D:6)
  6 wyverns
  4 basilisks
  A human (D:7)
  3 hungry ghosts
  2 hogs (D:7)
  A steam dragon (D:13)
  4 vampire mosquitoes (D:13)
  A warg (Orc:2)
  3 nagas
  8 water moccasins
  25 soldier ants (Lair:4)
  12 porcupines
  2 sky beasts
  26 orc warriors
  5 ice beasts
  2 phantoms
  2 black bears
  12 ogres
  7 centaurs
  50 wolves
  16 crocodiles
  A boggart (D:15)
  17 bullfrogs
  A big kobold (D:6)
  20 killer bees
  6 scorpions
  9 wights
  6 howler monkeys
  8 electric eels (D:8)
  7 crimson imps
  A quasit (D:8)
  9 orc priests
  3 bullfrog zombies
  7 hounds
  20 jellies
  7 centaur skeletons
  3 gnoll shamans (D:10)
  17 orc wizards
  A bullfrog skeleton (D:12)
  4 iguanas
  12 hell rats
  26 worker ants
  A hound zombie (D:5)
  A hound skeleton (D:7)
  8 gnolls (D:10)
  8 adders
  A shadow imp (D:12)
  7 oozes
  A worm (D:3)
  3 dart slugs
  3 leopard geckos
  67 orcs
  2 ball pythons (D:2)
  4 bats
  5 giant cockroaches
  11 goblins
  3 hobgoblins
  8 jackals
  6 kobolds
  4 quokkas
  5 frilled lizards
  8 rats
  12 fungi
  10 plants
828 creatures vanquished.

Vanquished Creatures (collateral kills)
  Nessos (Lair:6)
  4 hydras
  A cyclops (D:12)
  A snapping turtle (Lair:2)
  2 hippogriffs
  A yak (Lair:6)
  An orc warrior (Bailey)
  A wolf (IceCv)
  A hell rat (Lair:6)
13 creatures vanquished.

Vanquished Creatures (others)
  5 dream sheep (Lair:3)
  A slave (D:9)
  A wolf (IceCv)
  A wyvern skeleton (D:9)
  A crimson imp (D:9)
  An orc wizard (D:9)
  3 orcs (D:9)
  A bush (Lair:4)
  99 fulminant prisms
  38 fungi
  35 plants
186 creatures vanquished.

Grand Total: 1027 creatures vanquished

Notes
Turn   | Place    | Note
-------+----------+-------------------------------------------
     0 | D:1      | mhoghedin the Kobold Conjurer began the quest for the Orb.
     0 | D:1      | Reached XP level 1. HP: 10/10 MP: 3/3
    66 | D:1      | Reached skill level 3 in Stealth
    66 | D:1      | Reached XP level 2. HP: 12/16 MP: 5/5
   182 | D:1      | Reached skill level 1 in Evocations
   303 | D:1      | Learned a level 2 spell: Searing Ray
   333 | D:1      | Reached skill level 1 in Fighting
   491 | D:1      | Reached XP level 3. HP: 11/20 MP: 2/6
  1176 | D:2      | Reached XP level 4. HP: 24/26 MP: 5/7
  1239 | D:2      | Reached skill level 1 in Short Blades
  1274 | D:2      | Reached skill level 2 in Evocations
  1306 | D:2      | Noticed an orc warrior
  1835 | D:3      | Noticed Sinthome's ghost (amateur HOFi)
  1866 | D:3      | Killed Sinthome's ghost
  1866 | D:3      | Reached skill level 2 in Fighting
  1866 | D:3      | Reached skill level 2 in Short Blades
  1866 | D:3      | Reached skill level 4 in Stealth
  1866 | D:3      | Reached skill level 3 in Evocations
  1866 | D:3      | Reached XP level 5. HP: 23/32 MP: 4/8
  1866 | D:3      | Reached XP level 6. HP: 26/36 MP: 4/9
  2850 | D:2      | Reached skill level 3 in Fighting
  2850 | D:2      | Reached skill level 5 in Stealth
  2997 | D:4      | Reached skill level 3 in Short Blades
  3223 | D:4      | Noticed KristoblXynda's ghost (amateur DrGl)
  3661 | D:4      | Reached XP level 7. HP: 39/41 MP: 10/10
  3739 | D:4      | Noticed a wyvern
  3764 | D:4      | Got a scorched war axe
  3862 | D:4      | Identified the +8 war axe of Nalol {speed, rC+} (You found it on level 4 of the Dungeon)
  3898 | D:4      | Found a sparkling altar of Nemelex Xobeh.
  3918 | D:4      | Killed a wyvern
  3918 | D:4      | Reached skill level 5 in Conjurations
  4058 | D:4      | Found a snail-covered altar of Cheibriados.
  4104 | D:4      | Learned a level 3 spell: Dazzling Spray
  4240 | D:4      | Reached skill level 6 in Conjurations
  4494 | D:5      | Entered Level 5 of the Dungeon
  4510 | D:5      | Noticed Grinder
  4531 | D:5      | Killed Grinder
  4531 | D:5      | Reached skill level 3 in Dodging
  4531 | D:5      | Reached skill level 4 in Evocations
  4531 | D:5      | Reached XP level 8. HP: 46/46 MP: 11/11
  4604 | D:5      | Reached skill level 4 in Dodging
  4604 | D:5      | Reached skill level 5 in Evocations
  5315 | D:5      | Found an iron altar of Okawaru.
  5485 | D:5      | Reached skill level 5 in Dodging
  5611 | D:5      | Reached skill level 6 in Evocations
  5822 | D:6      | Reached skill level 1 in Axes
  5822 | D:6      | Reached skill level 6 in Dodging
  5822 | D:6      | Reached XP level 9. HP: 40/51 MP: 13/13
  5892 | D:6      | Noticed Sinthome's ghost (amateur HOFi)
  5935 | D:6      | HP: 9/51 [Sinthome's ghost (13)]
  5942 | D:6      | Killed Sinthome's ghost
  5942 | D:6      | Reached skill level 2 in Axes
  6294 | D:6      | Reached skill level 7 in Dodging
  6299 | D:6      | Found a shimmering altar of Xom.
  6304 | D:6      | Got a bound steel amulet
  6433 | D:6      | Found a hide-covered altar of Uskayaw.
  6509 | D:7      | Found a staircase to the Ecumenical Temple.
  6520 | D:7      | Identified the amulet "Repsof" {RegenMP *Corrode Fragile rF+++ Stlth+} (You took it off a kobold on level 6 of the Dungeon)
  6545 | Temple   | Entered the Ecumenical Temple
  6674 | Temple   | Became a worshipper of Ashenzari the Shackled
  6734 | D:7      | Reached skill level 8 in Dodging
  7132 | D:7      | Found a deep blue altar of Sif Muna.
  7233 | D:7      | Reached skill level 4 in Fighting
  7266 | D:6      | Reached skill level 9 in Dodging
  7524 | D:7      | Reached skill level 5 in Fighting
  7620 | D:8      | Noticed Maurice
  7626 | D:8      | Reached XP level 10. HP: 55/59 MP: 10/14
  7672 | D:8      | Killed Maurice
  7672 | D:8      | Reached skill level 3 in Axes
  7677 | D:8      | Noticed Psyche
  7703 | D:8      | HP: 13/60 [disintegration (6)]
  7705 | D:8      | Killed Psyche
  7705 | D:8      | Reached skill level 6 in Fighting
  7705 | D:8      | Reached skill level 10 in Dodging
  7816 | D:8      | Reached skill level 4 in Axes
  7891 | D:8      | Learned a level 4 spell: Iskenderun's Mystic Blast
  8061 | D:8      | HP: 13/61 [electric eel/bolt of electricity (10)]
  8265 | D:8      | Noticed anet's ghost (journeyman HuWn)
  8293 | D:8      | Killed anet's ghost
  8293 | D:8      | Reached skill level 7 in Conjurations
  8426 | D:8      | Noticed a two-headed ogre
  8426 | D:8      | Reached skill level 8 in Conjurations
  8448 | D:8      | Killed a two-headed ogre
  8448 | D:8      | Reached XP level 11. HP: 47/66 MP: 7/15
  8545 | D:8      | Reached skill level 9 in Conjurations
  8828 | D:8      | Found a glowing golden altar of the Shining One.
  9042 | D:9      | Noticed Pikel
  9061 | D:9      | Killed Pikel
  9061 | D:9      | Reached skill level 7 in Fighting
  9270 | D:9      | Reached * piety under Ashenzari
  9512 | D:10     | Entered Level 10 of the Dungeon
  9523 | D:10     | Found Fots's Gadget Emporium.
  9969 | D:10     | Found a staircase to the Lair.
  9996 | D:10     | Reached skill level 5 in Axes
  9996 | D:10     | Reached skill level 11 in Dodging
 10266 | D:10     | Reached skill level 8 in Fighting
 10925 | Lair:1   | Entered Level 1 of the Lair of Beasts
 10950 | Lair:1   | Learned a level 4 spell: Summon Ice Beast
 11047 | Lair:1   | Reached skill level 1 in Summonings
 11047 | Lair:1   | Reached skill level 1 in Ice Magic
 11186 | Lair:1   | Noticed an eight-headed hydra
 11291 | Lair:1   | Reached ** piety under Ashenzari
 11423 | Lair:1   | Reached skill level 2 in Ice Magic
 11469 | Lair:1   | Reached skill level 2 in Summonings
 11845 | Lair:1   | Noticed Harold
 11865 | Lair:1   | HP: 8/69 [Harold/glaive (15)]
 11867 | Lair:1   | Killed Harold
 11867 | Lair:1   | Reached skill level 3 in Summonings
 11867 | Lair:1   | Reached skill level 3 in Ice Magic
 11867 | Lair:1   | Reached XP level 12. HP: 9/75 MP: 11/16
 12892 | Lair:2   | Reached skill level 4 in Summonings
 12892 | Lair:2   | Reached skill level 4 in Ice Magic
 13090 | Lair:2   | Found a staircase to the Shoals.
 13395 | Lair:2   | Reached skill level 1 in Hexes
 13405 | Lair:2   | Reached skill level 3 in Spellcasting
 13421 | Lair:2   | Learned a level 4 spell: Fulminant Prism
 13483 | Lair:2   | Reached skill level 2 in Hexes
 13495 | Lair:2   | Noticed a six-headed hydra
 13503 | Lair:2   | Killed a six-headed hydra
 13660 | Lair:2   | Reached skill level 4 in Spellcasting
 13673 | Lair:2   | Reached skill level 3 in Hexes
 14143 | Lair:2   | HP: 8/75 [acid (13)]
 15076 | Lair:3   | Identified a lightning rod (4/4)
 15278 | Lair:3   | Reached *** piety under Ashenzari
 15328 | Lair:3   | Found a staircase to the Snake Pit.
 15352 | Lair:3   | Noticed a seven-headed hydra
 15355 | Lair:3   | Killed a seven-headed hydra
 15355 | Lair:3   | Reached skill level 9 in Fighting
 15357 | Lair:3   | Reached skill level 12 in Dodging
 15850 | Lair:3   | Reached XP level 13. HP: 80/80 MP: 14/20
 16045 | Lair:3   | Found a shimmering altar of Xom.
 16241 | Lair:4   | Learned a level 3 spell: Ozocubu's Armour
 16312 | Lair:4   | Noticed a seven-headed hydra
 16325 | Lair:4   | Killed a seven-headed hydra
 16606 | Lair:4   | Noticed an entropy weaver
 16608 | Lair:4   | Reached skill level 10 in Fighting
 16613 | Lair:4   | Killed an entropy weaver
 16614 | Lair:4   | Reached skill level 13 in Dodging
 16633 | Lair:4   | Noticed Josephine
 16652 | Lair:4   | HP: 31/124 [yak (8)]
 16659 | Lair:4   | HP: 25/124 [yak (8)]
 16717 | Lair:4   | HP: 20/83 [poisoned by a soldier ant]
 16723 | Lair:4   | HP: 17/83 [poisoned by a soldier ant]
 16729 | Lair:4   | HP: 15/83 [poisoned by a soldier ant]
 16735 | Lair:4   | HP: 15/83 [poisoned by a soldier ant]
 16743 | Lair:4   | HP: 15/83 [poisoned by a soldier ant]
 17596 | Lair:4   | Reached skill level 11 in Fighting
 17791 | Lair:4   | Noticed an entropy weaver
 17802 | Lair:4   | Killed an entropy weaver
 17952 | Lair:4   | Identified the ring "Soineim" {*Contam Str+5 Int+10 Dex+3 Stlth+} (You took it off a naga on level 4 of the Lair of Beasts)
 17954 | Lair:4   | Got the uncursed robe of Fikkif {rC+ Str+5}
 18143 | Lair:4   | Reached skill level 5 in Spellcasting
 18290 | Lair:4   | Learned a level 2 spell: Blink
 18598 | Lair:4   | Killed Josephine
 18663 | Lair:4   | Identified the +2 robe of Fikkif {rC+ Str+5} (You took it off a naga on level 4 of the Lair of Beasts)
 18790 | Lair:4   | Reached skill level 6 in Spellcasting
 18799 | Lair:4   | Noticed Nergalle
 18866 | Lair:4   | Reached skill level 10 in Conjurations
 18866 | Lair:4   | Killed Nergalle
 18866 | Lair:4   | Reached skill level 4 in Hexes
 19008 | Lair:4   | Reached skill level 6 in Axes
 19035 | Lair:4   | Reached XP level 14. HP: 58/90 MP: 1/23
 19368 | Lair:5   | Reached **** piety under Ashenzari
 19391 | Lair:5   | Found a frozen archway.
 19411 | Lair:5   | Reached skill level 5 in Hexes
 19427 | IceCv    | Entered an ice cave
 19991 | IceCv    | HP: 22/90 [polar bear (8)]
 20379 | IceCv    | Reached skill level 14 in Dodging
 20764 | IceCv    | Noticed a frost giant
 20789 | IceCv    | Killed a frost giant
 20789 | IceCv    | Reached skill level 12 in Fighting
 20904 | Lair:5   | HP: 19/92 [wolf (9)]
 20917 | Lair:5   | HP: 19/92 [wolf (4)]
 21522 | Lair:5   | Found a staircase to the Slime Pits.
 21918 | Lair:5   | Reached skill level 15 in Dodging
 21929 | Lair:5   | Reached skill level 7 in Axes
 22206 | Lair:6   | Entered Level 6 of the Lair of Beasts
 22432 | Lair:5   | Reached XP level 15. HP: 90/97 MP: 24/24
 22827 | Lair:6   | Noticed Nessos
 22851 | Lair:6   | Killed Nessos
 22880 | Lair:6   | Reached skill level 13 in Fighting
 23743 | Lair:6   | Noticed Sinthome's ghost (journeyman HOFi)
 23788 | Lair:6   | Killed Sinthome's ghost
 23788 | Lair:6   | Reached skill level 1 in Shields
 23876 | Lair:6   | Reached ***** piety under Ashenzari
 24372 | Lair:6   | Reached skill level 2 in Shields
 24627 | Lair:5   | Reached skill level 16 in Dodging
 25050 | D:11     | Found a flagged portal.
 25076 | Bailey   | Entered a bailey
 25167 | Bailey   | HP: 24/99 [orc warrior/bolt (34)]
 25470 | Bailey   | Reached skill level 3 in Shields
 26641 | D:12     | Reached skill level 8 in Axes
 26664 | D:12     | Found a staircase to the Orcish Mines.
 27082 | D:12     | Found a bloodstained altar of Trog.
 27193 | D:12     | Identified the +5 arbalest "Bifrollunio" {freeze, +Inv rC+ MR-}
 27216 | D:12     | Reached XP level 16. HP: 102/104 MP: 25/25
 28868 | D:14     | Noticed Agnes
 28872 | D:14     | Killed Agnes
 28872 | D:14     | Reached skill level 7 in Spellcasting
 28898 | D:14     | Learned a level 7 spell: Orb of Destruction
 29775 | D:14     | Reached skill level 8 in Spellcasting
 29790 | D:14     | Found a gate to the Vaults.
 30287 | D:14     | Reached skill level 9 in Spellcasting
 30410 | D:14     | Learned a level 5 spell: Iskenderun's Battlesphere
 30414 | D:14     | Reached skill level 11 in Conjurations
 30424 | D:14     | Reached skill level 1 in Charms
 30495 | D:14     | Found a hazy altar of Hepliaklqana.
 30508 | D:14     | Reached ****** piety under Ashenzari
 30897 | D:15     | Entered Level 15 of the Dungeon
 30953 | D:15     | Reached skill level 2 in Charms
 31115 | D:15     | Reached skill level 3 in Charms
 31372 | D:15     | Found a staircase to the Depths.
 31437 | D:15     | Reached skill level 12 in Conjurations
 31594 | D:15     | Reached XP level 17. HP: 109/110 MP: 30/30
 32360 | D:15     | Gained mutation: You are covered in fur. (AC +1) [potion of mutation]
 32360 | D:15     | Gained mutation: You have large cloven feet. [potion of mutation]
 32361 | D:15     | Lost mutation: You have large cloven feet. [potion of mutation]
 32361 | D:15     | Lost mutation: You are covered in fur. (AC +1) [potion of mutation]
 32361 | D:15     | Gained mutation: Your movements are slightly less encumbered by armour. (ER -2) [potion of mutation]
 32361 | D:15     | Gained mutation: Your flesh is cold resistant. (rC+) [potion of mutation]
 32361 | D:15     | Gained mutation: You are somewhat resistant to further mutation. [potion of mutation]
 32514 | Orc:1    | Entered Level 1 of the Orcish Mines
 32848 | Orc:2    | Entered Level 2 of the Orcish Mines
 32852 | Orc:2    | Found a staircase to the Elven Halls.
 32859 | Orc:2    | Found Gesytag's Antique Armour Shoppe.
 32870 | Orc:2    | Reached skill level 17 in Dodging
 32914 | Orc:2    | Bought faintly humming acid dragon scales for 1485 gold pieces
 32914 | Orc:2    | Identified the +1 acid dragon scales of the Demon Prince {rF+ rC+ MR+ rCorr Dex+4} (You bought it in a shop on level 2 of the Orcish Mines)
 33002 | Orc:2    | Reached skill level 14 in Fighting
 33047 | Orc:2    | Found Caifayr's General Store.
 33099 | Orc:1    | Reached skill level 1 in Armour
 33639 | Orc:2    | Found Litor's Antique Weapon Shoppe.
 34068 | Orc:2    | HP: 25/111 [ettin/dire flail (40)]
 34072 | Orc:2    | Annihilated by an ettin

Vault maps used:
D:1:      minmay_arrival_radiant_lines, minmay_crystal_water
D:2:      first_ration, minmay_misc_feat_hallway, corexii_corridor_pit,
          hex_large
D:3:      st_stairs_4, nrook_mini_vaults, minmay_fountain_box
D:4:      kennysheep_slug_shrine, nemelex_xobeh_ov_fountains_minmay,
          glass_columns_b, minmay_ruptured
D:5:      okawaru_gym_becter, grunt_decor_one_mirror, uniq_grinder
D:6:      nicolae_overflow_crystal_walls, basic_altar, minmay_misc_feat_iff
D:7:      led_sif_pool, minmay_temple_entry_statues, grunt_livestock
D:8:      kennysheep_mini_moat, corexii_leaking_fountain, chequers_big_river,
          uniq_psyche, uniq_maurice
D:9:      uniq_pikel
D:10:     kennysheep_seaside_town, lair_entry_dummy, serial_shops,
          nicolae_shop_trees, st_stairs_8, nicolae_wwwww
D:11:     enter_bailey_3
D:12:     orc_0_dummy, basic_altar, minmay_diamond_spiral
D:14:     erik_vaults_2, basic_altar, kennysheep_path_1, minivault_7, uniq_agnes
D:15:     hangedman_depths_entry_civil_slaughter, serial_bayou_pond_c,
          minmay_three_doors
Temple:   lightli_temple_of_artemis
Lair:1:   serial_bayou_pond_a, lemuel_fruit_fields, uniq_harold
Lair:2:   minmay_shoals_entry_hut, small_statue_intersection,
          grunt_forest_small_clearing_treed, grunt_megastairs_1,
          minmay_lair_oklob_chamber
Lair:3:   minmay_snake_entry_guardpost_small, st_stairs_3,
          kb_xom_exploding_sheep
Lair:4:   minivault_29, uniq_josephine, uniq_nergalle
Lair:5:   minmay_slime_entry_jelly_boxes, portal_ice_cave_rime,
          grunt_forest_large_clearings
Lair:6:   due_jungle_book, serial_bayou_shore_b, uniq_nessos
Orc:2:    grunt_orc_gardens, grunt_orc_garden, grunt_orc_garden,
          grunt_orc_garden, grunt_orc_garden, special_room
Bailey:   bailey_polearm_4, bailey
IceCv:    ice_cave_caverns_03

Skill      XL: |  1  2  3  4  5  6  7  8  9 10 11 12 13 14 15 16 17 |
---------------+----------------------------------------------------+-----
Stealth        | 3 4 5 |  5.5
Evocations     | 1 3 4 6 |  6.5
Fighting       | 1 2 3 5 6 8 9 11 12 13 14 | 14.2
Short Blades   | 2 3 |  3.5
Conjurations   | 6 8 9 10 12 | 12.8
Dodging        | 3 6 9 10 11 12 13 15 16 17 | 17.2
Axes           | 1 2 4 5 6 7 8 |  8.5
Summonings     | 3 4 |  4.3
Ice Magic      | 3 4 |  4.3
Hexes          | 3 4 5 |  5.7
Spellcasting   | 4 6 9 |  9.1
Shields        | 3 |  3.6
Charms         | 3 |  3.4
Armour         | 1 |  1.8

Action                   |  1- 3 |  4- 6 |  7- 9 | 10-12 | 13-15 | 16-18 || total
-------------------------+-------+-------+-------+-------+-------+-------++-------
Melee: Club              |   109 |       |       |       |       |       ||   109
       Dagger            |    35 |   185 |    19 |    91 |       |       ||   330
       War axe           |       |       |   179 |   405 |  1204 |   501 ||  2289
 Cast: Magic Dart        |     9 |       |       |     2 |       |       ||    11
       Searing Ray       |     1 |     5 |    11 |     6 |    14 |     1 ||    38
       Iskenderun's Myst |       |       |       |    23 |    34 |    45 ||   102
       Dazzling Spray    |       |       |       |     6 |    27 |    14 ||    47
       Fulminant Prism   |       |       |       |    20 |    66 |    13 ||    99
       Summon Ice Beast  |       |       |       |     3 |    17 |     5 ||    25
       Ozocubu's Armour  |       |       |       |       |    25 |    11 ||    36
       Blink             |       |       |       |       |    10 |     2 ||    12
       Orb of Destructio |       |       |       |       |       |    14 ||    14
       Iskenderun's Batt |       |       |       |       |       |    15 ||    15
Invok: Curse Item        |       |       |     1 |     3 |     3 |     1 ||     8
 Abil: Evoke Invisibilit |     2 |     6 |     4 |     6 |     4 |     1 ||    23
Evoke: Wand              |       |       |     5 |    29 |    32 |    11 ||    77
       Phantom mirror    |       |       |       |     1 |       |       ||     1
       Lightning rod     |       |       |       |       |     4 |       ||     4
       Lamp of fire      |       |       |       |       |     1 |     1 ||     2
  Use: Scroll            |       |     5 |     7 |    12 |    12 |     4 ||    40
       Potion            |       |     1 |     1 |     5 |     7 |     2 ||    16
 Stab: Sleeping          |     3 |     5 |    14 |    21 |    18 |    13 ||    74
       Invisible         |     2 |    13 |     5 |     6 |    14 |     4 ||    44
       Distracted        |       |       |       |     3 |     4 |     3 ||    10
       Paralysed         |       |       |       |       |     7 |       ||     7
  Eat: Chunk             |     1 |    14 |     8 |    40 |    49 |    22 ||   134
       Ration            |       |       |     2 |     1 |       |     2 ||     5
Armor: Robe              |    44 |    28 |    15 |    31 |    88 |    24 ||   230
       Skin              |       |       |       |       |    17 |       ||    17
Dodge: Dodged            |   173 |   140 |   159 |   510 |  1069 |   303 ||  2354
Block: Buckler           |       |       |       |       |   128 |   161 ||   289

Table legend:
 A = Spawn XP
 B = Non-spawn XP
 C = Spawn XP percentage of total XP
 D = Spawn monster count
 E = Non-spawn monster count
 F = Spawn count percentage of total count
 G = Total turns spent on level
                    A         B        C        D         E        F      G
               +---------+---------+-------+---------+---------+-------+---------
         Total |       0 |  170877 |   0.0 |       0 |     819 |   0.0 | 34072
               +---------+---------+-------+---------+---------+-------+---------
           D:1 |       0 |      41 |   0.0 |       0 |      19 |   0.0 |   895
           D:2 |       0 |      59 |   0.0 |       0 |      15 |   0.0 |   759
           D:3 |       0 |     236 |   0.0 |       0 |      17 |   0.0 |  1579
           D:4 |       0 |     639 |   0.0 |       0 |      19 |   0.0 |  1395
           D:5 |       0 |     817 |   0.0 |       0 |       9 |   0.0 |  1031
           D:6 |       0 |     812 |   0.0 |       0 |      21 |   0.0 |  1049
           D:7 |       0 |    1178 |   0.0 |       0 |      20 |   0.0 |   733
           D:8 |       0 |    4454 |   0.0 |       0 |      38 |   0.0 |  1430
           D:9 |       0 |    1052 |   0.0 |       0 |       8 |   0.0 |   499
          D:10 |       0 |    3586 |   0.0 |       0 |      44 |   0.0 |  1422
          D:11 |       0 |    5088 |   0.0 |       0 |      40 |   0.0 |   815
          D:12 |       0 |   12047 |   0.0 |       0 |      55 |   0.0 |  1664
          D:13 |       0 |    6957 |   0.0 |       0 |      24 |   0.0 |   991
          D:14 |       0 |   17300 |   0.0 |       0 |      50 |   0.0 |  2012
          D:15 |       0 |   24645 |   0.0 |       0 |      42 |   0.0 |  1502
        Lair:1 |       0 |    2984 |   0.0 |       0 |      14 |   0.0 |  1815
        Lair:2 |       0 |    6365 |   0.0 |       0 |      27 |   0.0 |  2159
        Lair:3 |       0 |    5152 |   0.0 |       0 |      26 |   0.0 |  1509
        Lair:4 |       0 |   20945 |   0.0 |       0 |      88 |   0.0 |  3012
        Lair:5 |       0 |   12566 |   0.0 |       0 |      71 |   0.0 |  2444
        Lair:6 |       0 |   17816 |   0.0 |       0 |      52 |   0.0 |  1716
         Orc:1 |       0 |    1308 |   0.0 |       0 |      23 |   0.0 |  1089
         Orc:2 |       0 |    9868 |   0.0 |       0 |      31 |   0.0 |   469
        Bailey |       0 |    2512 |   0.0 |       0 |      18 |   0.0 |   523
         IceCv |       0 |   12450 |   0.0 |       0 |      48 |   0.0 |  1418
               +---------+---------+-------+---------+---------+-------+---------

Vault maps used:
D:1:      minmay_arrival_radiant_lines, minmay_crystal_water
D:2:      first_ration, minmay_misc_feat_hallway, corexii_corridor_pit,
          hex_large
D:3:      st_stairs_4, nrook_mini_vaults, minmay_fountain_box
D:4:      kennysheep_slug_shrine, nemelex_xobeh_ov_fountains_minmay,
          glass_columns_b, minmay_ruptured
D:5:      okawaru_gym_becter, grunt_decor_one_mirror, uniq_grinder
D:6:      nicolae_overflow_crystal_walls, basic_altar, minmay_misc_feat_iff
D:7:      led_sif_pool, minmay_temple_entry_statues, grunt_livestock
D:8:      kennysheep_mini_moat, corexii_leaking_fountain, chequers_big_river,
          uniq_psyche, uniq_maurice
D:9:      uniq_pikel
D:10:     kennysheep_seaside_town, lair_entry_dummy, serial_shops,
          nicolae_shop_trees, st_stairs_8, nicolae_wwwww
D:11:     enter_bailey_3
D:12:     orc_0_dummy, basic_altar, minmay_diamond_spiral
D:14:     erik_vaults_2, basic_altar, kennysheep_path_1, minivault_7, uniq_agnes
D:15:     hangedman_depths_entry_civil_slaughter, serial_bayou_pond_c,
          minmay_three_doors
Temple:   lightli_temple_of_artemis
Lair:1:   serial_bayou_pond_a, lemuel_fruit_fields, uniq_harold
Lair:2:   minmay_shoals_entry_hut, small_statue_intersection,
          grunt_forest_small_clearing_treed, grunt_megastairs_1,
          minmay_lair_oklob_chamber
Lair:3:   minmay_snake_entry_guardpost_small, st_stairs_3,
          kb_xom_exploding_sheep
Lair:4:   minivault_29, uniq_josephine, uniq_nergalle
Lair:5:   minmay_slime_entry_jelly_boxes, portal_ice_cave_rime,
          grunt_forest_large_clearings
Lair:6:   due_jungle_book, serial_bayou_shore_b, uniq_nessos
Orc:2:    grunt_orc_gardens, grunt_orc_garden, grunt_orc_garden,
          grunt_orc_garden, grunt_orc_garden, special_room
Bailey:   bailey_polearm_4, bailey
IceCv:    ice_cave_caverns_03

Table legend:
 A = Turns spent in this place as a percentage of turns spent in the entire game.
 B = Non-inter-level travel turns spent in this place as a percentage of non-inter-level travel turns spent in the entire game.
 C = Inter-level travel turns spent in this place as a percentage of turns spent in this place.
 D = Turns resting spent in this place as a percentage of non-inter-level travel turns spent in this place.
 E = Turns spent auto-exploring this place as a percentage of non-inter-level travel turns spent in this place.
 F = Non-inter-level travel turns spent in this place divided by the number of levels of this place that you've seen.
                   A       B       C       D       E      F
               +-------+-------+-------+-------+-------+----------------------
         Total | 100.0 | 100.0 |   3.6 |  34.9 |  41.4 | 1263.3
       Dungeon |  52.2 |  51.9 |   4.1 |  24.9 |  52.3 | 1136.3
        Temple |   0.4 |   0.4 |   7.7 |   0.0 |  56.5 | 131.0
          Lair |  37.1 |  37.1 |   3.7 |  45.5 |  30.9 | 2031.5
  Orcish Mines |   4.6 |   4.7 |   1.1 |  40.8 |  33.5 | 770.5
        Bailey |   1.5 |   1.6 |   0.0 |  65.4 |   6.9 | 523.0
      Ice Cave |   4.2 |   4.3 |   0.0 |  48.2 |  19.9 | 1418.0
               +-------+-------+-------+-------+-------+----------------------

Table legend:
 A = Kills in this place as a percentage of kills in entire the game.
 B = Kills by you in this place as a percentage of kills by you in the entire game.
 C = Kills by friends in this place as a percentage of kills by friends in the entire game.
 D = Other kills in this place as a percentage of other kills in the entire game.
 E = Experience gained in this place as a percentage of experience gained in the entire game.
 F = Experience gained in this place divided by the number of levels of this place that you have seen.
                   A       B       C       D       E      F
               +-------+-------+-------+-------+-------+----------------------
         Total | 100.0 | 100.0 | 100.0 |   N/A | 100.0 | 6572.2
       Dungeon |  51.4 |  51.9 |  23.1 |   N/A |  46.2 | 5260.7
          Lair |  33.9 |  33.5 |  61.5 |   N/A |  38.5 | 10971.3
  Orcish Mines |   6.6 |   6.7 |   0.0 |   N/A |   6.5 | 5588.0
        Bailey |   2.2 |   2.1 |   7.7 |   N/A |   1.5 | 2512.0
      Ice Cave |   5.9 |   5.8 |   7.7 |   N/A |   7.3 | 12450.0
               +-------+-------+-------+-------+-------+----------------------
